AoeStats
← astract

Arena

504953107Analyzed
1v1 RM · 25d ago on Sep 7, 2026· 42m 55s· 2 players
Game mode
Random Map
Map size
Tiny (2 player)
Population
200
Speed
Normal
Resources
Standard
Victory
Conquest
Starting age
Dark Age
Ending age
Imperial Age
RankedLock teamsTeams togetherTeam positionsShared explorationLock speedFull tech treeHidden civsTurbo modeCheats
Victory
Defeat
🇳🇿 Romans · New Zealand
646
+13
🇮🇳 Franks · India
585
-13
astract
12:19 Feudal Age
17:12 Castle Age
16:30 Double-Bit Axe
26:03 Murder Holes
32:00 Crossbowman
34:55 Wheelbarrow
34:13 Gold Mining
37:43 Gold Shaft Mining
Goop.Nukem
0:41 Loom
13:52 Feudal Age
18:21 Castle Age
17:42 Man-at-Arms
18:34 Horse Collar
18:43 Double-Bit Axe
19:05 Long Swordsman
20:48 Fletching
21:04 Scale Mail Armor
25:27 Gold Mining
32:25 Imperial Age
31:18 Pikeman
35:11 Heavy Plow
35:39 Chain Mail Armor
37:14 Stone Mining
Connection lost

Rejoining the realm…

Still unreachable

The connection could not be restored.

Session expired

The server has moved on; the page needs a fresh start.